[ AOE2 MATCH · #513565245 ]
UnrankedMongols vs Cumans
Player's team · LOSS
Rival team · WIN
[ REPLAY ANALYSIS · EXTRACTED FROM THE RECORDED GAME ]
Feudal
8:27
Castle
30:58
Imperial
—
| APM avg | 62.0 |
| APM peak | 106 |
| eAPM avg | 28.9 |
| Villagers / military | 87 / 70 |
Focus
⚔️ 41.5% · 🌾 58.5%
Archer ×25 · Scout Cavalry ×19 · Mangudai ×8 · Knight ×7 · Petard ×4 · Mangonel ×3
Feudal
8:25
Castle
30:42
Imperial
42:46
| APM avg | 64.0 |
| APM peak | 111 |
| eAPM avg | 43.6 |
| Villagers / military | 185 / 68 |
Focus
⚔️ 27.2% · 🌾 72.8%
Kipchak ×31 · Battering Ram ×17 · Spearman ×11 · Petard ×6 · Scorpion ×3
Match map
Initial resources + every placement click. Lines = walls · curves = elevation contours. ◆ gold · ⬟ stone · ● berries · ✦ relic · ◌ wall gap
Your base· ✓ Closed at 30:58 · 64t walls · 1 gate(s)
msntt951753's base· Open — opponent sealed themselves in
Smoothed initial terrain · ◌ = detected wall gap · hover for details
Inputs per minute
— Fake2K - - msntt951753
Build order — Fake2K
First 150 of 327 actions detected
| 0:00 | Queue | Villager (Male) |
| 0:01 | Queue | Villager (Male) |
| 0:02 | Build | House |
| 0:04 | Build | House |
| 0:14 | Queue | Villager (Male) |
| 0:14 | Queue | Villager (Male) |
| 1:27 | Queue | Villager (Male) |
| 1:51 | Build | Lumber Camp |
| 2:07 | Queue | Villager (Male) |
| 2:08 | Queue | Villager (Male) |
| 2:15 | Queue | Villager (Male) |
| 2:15 | Queue | Villager (Male) |
| 2:54 | Queue | Villager (Male) |
| 2:54 | Queue | Villager (Male) |
| 3:06 | Queue | Villager (Male) |
| 3:35 | Queue | Villager (Male) |
| 3:37 | Queue | Villager (Male) |
| 3:52 | Build | House |
| 4:16 | Queue | Villager (Male) |
| 4:34 | Queue | Villager (Male) |
| 4:41 | Build | Mill |
| 5:10 | Queue | Villager (Male) |
| 5:37 | Build | House |
| 5:41 | Research | Loom |
| 6:09 | Research | Feudal Age |
| 7:43 | Build | Barracks |
| 7:48 | Queue | Villager (Male) |
| 8:27 | Age | Feudal Age |
| 8:45 | Build | Archery Range |
| 8:51 | Queue | Spearman |
| 9:00 | Queue | Villager (Male) |
| 9:19 | Build | Mining Camp |
| 9:26 | Build | Palisade Wall |
| 9:30 | Build | Palisade Wall |
| 9:41 | Build | Palisade Wall |
| 9:43 | Queue | Villager (Male) |
| 9:44 | Queue | Villager (Male) |
| 9:44 | Queue | Villager (Male) |
| 9:47 | Research | Double-Bit Axe |
| 9:47 | Research | Double-Bit Axe |
| 9:47 | Research | Double-Bit Axe |
| 9:54 | Build | Palisade Wall |
| 10:34 | Queue | Archer |
| 10:42 | Build | Palisade Wall |
| 10:45 | Build | Palisade Wall |
| 10:54 | Build | House |
| 10:54 | Queue | Villager (Male) |
| 11:07 | Queue | Villager (Male) |
| 11:11 | Build | House |
| 11:15 | Research | Town Watch |
| 11:17 | Build | Outpost |
| 11:21 | Build | Outpost |
| 11:25 | Queue | Archer |
| 11:36 | Build | Palisade Wall |
| 11:41 | Build | House |
| 11:42 | Queue | Villager (Male) |
| 11:48 | Queue | Archer |
| 11:48 | Queue | Villager (Male) |
| 11:52 | Build | Farm |
| 11:54 | Build | Farm |
| 12:10 | Queue | Villager (Male) |
| 12:26 | Build | Watch Tower |
| 12:39 | Queue | Archer |
| 12:40 | Queue | Villager (Male) |
| 12:59 | Build | Blacksmith |
| 13:20 | Queue | Villager (Male) |
| 13:21 | Build | House |
| 13:22 | Build | House |
| 13:24 | Queue | Archer |
| 13:24 | Queue | Archer |
| 13:36 | Queue | Villager (Male) |
| 13:40 | Build | Mining Camp |
| 13:44 | Queue | Villager (Male) |
| 13:51 | Build | Palisade Gate |
| 14:02 | Queue | Villager (Male) |
| 14:05 | Build | House |
| 14:06 | Queue | Villager (Male) |
| 14:21 | Research | Fletching |
| 14:21 | Research | Fletching |
| 14:45 | Research | Man-at-Arms (upgrade) |
| 14:45 | Queue | Militia |
| 15:25 | Queue | Archer |
| 15:28 | Queue | Villager (Male) |
| 15:33 | Build | Outpost |
| 16:04 | Queue | Archer |
| 16:16 | Queue | Archer |
| 16:18 | Queue | Villager (Male) |
| 16:24 | Build | Farm |
| 16:24 | Build | Farm |
| 16:24 | Build | Farm |
| 16:24 | Build | Farm |
| 16:24 | Build | Farm |
| 16:32 | Build | Outpost |
| 16:37 | Build | Farm |
| 16:47 | Queue | Villager (Male) |
| 16:55 | Build | Outpost |
| 17:15 | Queue | Villager (Male) |
| 17:17 | Queue | Archer |
| 17:25 | Build | Lumber Camp |
| 17:36 | Build | Outpost |
| 17:41 | Queue | Villager (Male) |
| 17:42 | Queue | Archer |
| 17:42 | Queue | Archer |
| 17:55 | Queue | Villager (Male) |
| 17:57 | Queue | Archer |
| 18:04 | Queue | Villager (Male) |
| 18:17 | Queue | Villager (Male) |
| 18:19 | Queue | Archer |
| 18:24 | Build | Watch Tower |
| 18:28 | Build | Outpost |
| 18:38 | Queue | Archer |
| 18:39 | Queue | Villager (Male) |
| 18:41 | Build | Farm |
| 18:45 | Build | Outpost |
| 19:07 | Build | Palisade Wall |
| 19:08 | Build | Palisade Wall |
| 19:09 | Build | Palisade Wall |
| 19:09 | Build | Palisade Wall |
| 19:17 | Build | Outpost |
| 19:24 | Queue | Villager (Male) |
| 19:42 | Build | Watch Tower |
| 20:00 | Queue | Villager (Male) |
| 20:04 | Build | Market |
| 20:08 | Build | Mill |
| 20:08 | Build | Farm |
| 20:08 | Build | Farm |
| 20:08 | Build | Farm |
| 20:09 | Build | Farm |
| 20:09 | Build | Farm |
| 20:17 | Build | Stone Wall |
| 20:19 | Build | Stone Wall |
| 20:29 | Build | Stone Wall |
| 20:36 | Queue | Villager (Male) |
| 20:44 | Build | Stable |
| 20:46 | Queue | Villager (Male) |
| 20:47 | Build | House |
| 20:48 | Build | House |
| 20:51 | Queue | Archer |
| 21:19 | Build | Stone Wall |
| 21:21 | Build | Stone Wall |
| 21:25 | Queue | Scout Cavalry |
| 21:35 | Research | Horse Collar |
| 21:45 | Queue | Scout Cavalry |
| 21:46 | Queue | Archer |
| 21:46 | Queue | Archer |
| 22:04 | Build | Stable |
| 22:04 | Queue | Scout Cavalry |
| 22:19 | Queue | Scout Cavalry |
| 22:20 | Queue | Villager (Male) |
| 22:24 | Queue | Archer |
Build order — msntt951753
First 150 of 430 actions detected
| 0:00 | Queue | Villager (Male) |
| 0:01 | Queue | Villager (Male) |
| 0:02 | Build | House |
| 0:02 | Build | House |
| 0:24 | Queue | Villager (Male) |
| 0:24 | Queue | Villager (Male) |
| 1:29 | Queue | Villager (Male) |
| 1:29 | Queue | Villager (Male) |
| 2:01 | Queue | Villager (Male) |
| 2:01 | Queue | Villager (Male) |
| 2:21 | Queue | Villager (Male) |
| 2:21 | Queue | Villager (Male) |
| 2:27 | Build | Lumber Camp |
| 2:50 | Queue | Villager (Male) |
| 2:50 | Queue | Villager (Male) |
| 2:50 | Queue | Villager (Male) |
| 3:33 | Queue | Villager (Male) |
| 3:33 | Queue | Villager (Male) |
| 3:33 | Queue | Villager (Male) |
| 3:53 | Build | House |
| 4:02 | Queue | Villager (Male) |
| 4:02 | Queue | Villager (Male) |
| 4:46 | Queue | Villager (Male) |
| 4:46 | Queue | Villager (Male) |
| 4:58 | Build | Mill |
| 5:11 | Queue | Villager (Male) |
| 5:25 | Research | Loom |
| 5:26 | Research | Loom |
| 6:10 | Research | Feudal Age |
| 6:11 | Research | Feudal Age |
| 6:54 | Build | House |
| 7:50 | Queue | Villager (Male) |
| 7:50 | Queue | Villager (Male) |
| 8:25 | Age | Feudal Age |
| 8:29 | Queue | Villager (Male) |
| 8:29 | Queue | Villager (Male) |
| 8:33 | Build | Town Center |
| 10:00 | Queue | Villager (Male) |
| 10:00 | Queue | Villager (Male) |
| 10:01 | Queue | Villager (Male) |
| 10:06 | Queue | Villager (Male) |
| 10:08 | Queue | Villager (Male) |
| 10:08 | Queue | Villager (Male) |
| 10:12 | Build | Outpost |
| 10:27 | Queue | Villager (Male) |
| 10:27 | Queue | Villager (Male) |
| 10:33 | Build | House |
| 10:50 | Queue | Villager (Male) |
| 10:50 | Queue | Villager (Male) |
| 10:55 | Build | Watch Tower |
| 10:57 | Queue | Villager (Male) |
| 11:09 | Build | Palisade Wall |
| 11:14 | Build | Palisade Wall |
| 11:16 | Build | Palisade Wall |
| 11:22 | Build | Watch Tower |
| 11:28 | Queue | Villager (Male) |
| 11:28 | Queue | Villager (Male) |
| 11:34 | Queue | Villager (Male) |
| 11:34 | Queue | Villager (Male) |
| 11:37 | Queue | Villager (Male) |
| 11:37 | Queue | Villager (Male) |
| 11:39 | Build | House |
| 11:48 | Build | Palisade Wall |
| 11:49 | Build | Palisade Wall |
| 11:49 | Build | Palisade Wall |
| 11:49 | Build | Palisade Wall |
| 11:49 | Build | Palisade Wall |
| 11:50 | Build | Palisade Wall |
| 11:50 | Build | Palisade Wall |
| 11:51 | Build | Palisade Wall |
| 12:16 | Build | Watch Tower |
| 12:17 | Queue | Villager (Male) |
| 12:17 | Queue | Villager (Male) |
| 12:25 | Queue | Villager (Male) |
| 12:25 | Queue | Villager (Male) |
| 12:40 | Queue | Villager (Male) |
| 12:40 | Queue | Villager (Male) |
| 13:01 | Queue | Villager (Male) |
| 13:01 | Queue | Villager (Male) |
| 13:09 | Queue | Villager (Male) |
| 13:09 | Queue | Villager (Male) |
| 13:19 | Build | Mining Camp |
| 13:23 | Build | House |
| 13:46 | Queue | Villager (Male) |
| 13:46 | Queue | Villager (Male) |
| 13:57 | Build | Farm |
| 13:57 | Build | Farm |
| 14:01 | Build | Farm |
| 14:04 | Queue | Villager (Male) |
| 14:04 | Queue | Villager (Male) |
| 14:16 | Queue | Villager (Male) |
| 14:16 | Queue | Villager (Male) |
| 14:32 | Queue | Villager (Male) |
| 14:32 | Queue | Villager (Male) |
| 14:45 | Queue | Villager (Male) |
| 14:56 | Build | Blacksmith |
| 15:19 | Queue | Villager (Male) |
| 15:19 | Queue | Villager (Male) |
| 15:22 | Queue | Villager (Male) |
| 15:22 | Queue | Villager (Male) |
| 15:28 | Build | Farm |
| 15:29 | Build | Farm |
| 15:31 | Queue | Villager (Male) |
| 15:31 | Queue | Villager (Male) |
| 16:01 | Build | Siege Workshop |
| 16:07 | Queue | Villager (Male) |
| 16:07 | Queue | Villager (Male) |
| 16:10 | Build | Farm |
| 16:17 | Queue | Villager (Male) |
| 16:17 | Queue | Villager (Male) |
| 16:19 | Build | Farm |
| 16:20 | Build | Farm |
| 16:35 | Queue | Battering Ram |
| 16:36 | Queue | Battering Ram |
| 16:41 | Build | House |
| 16:43 | Build | House |
| 16:48 | Build | Palisade Wall |
| 16:51 | Queue | Villager (Male) |
| 16:51 | Queue | Villager (Male) |
| 16:53 | Build | House |
| 17:05 | Queue | Battering Ram |
| 17:05 | Queue | Battering Ram |
| 17:08 | Queue | Villager (Male) |
| 17:08 | Queue | Villager (Male) |
| 17:12 | Build | Palisade Wall |
| 17:30 | Build | Farm |
| 17:33 | Build | Farm |
| 17:34 | Queue | Villager (Male) |
| 17:34 | Queue | Villager (Male) |
| 17:45 | Build | Watch Tower |
| 17:52 | Build | Farm |
| 17:55 | Build | Farm |
| 17:57 | Queue | Villager (Male) |
| 17:57 | Queue | Villager (Male) |
| 18:02 | Queue | Battering Ram |
| 18:02 | Queue | Battering Ram |
| 18:13 | Build | Palisade Wall |
| 18:15 | Build | Palisade Wall |
| 18:17 | Build | Palisade Wall |
| 18:19 | Build | Palisade Wall |
| 18:21 | Build | Palisade Wall |
| 18:25 | Queue | Villager (Male) |
| 18:25 | Queue | Villager (Male) |
| 18:26 | Queue | Battering Ram |
| 18:26 | Queue | Battering Ram |
| 18:31 | Queue | Villager (Male) |
| 18:32 | Queue | Villager (Male) |
| 18:35 | Build | House |
| 18:39 | Build | Farm |
| 18:44 | Build | Farm |
Match timeline
| 7:43 | Fake2K · first_building Barracks |
| 8:25 | msntt951753 · age_up feudal |
| 8:27 | Fake2K · age_up feudal |
| 8:45 | Fake2K · first_building Archery Range |
| 9:26 | Fake2K · wall_segment Palisade Wall x8 |
| 9:30 | Fake2K · wall_segment Palisade Wall x8 |
| 9:41 | Fake2K · wall_segment Palisade Wall x7 |
| 9:54 | Fake2K · wall_segment Palisade Wall x7 |
| 10:42 | Fake2K · wall_segment Palisade Wall x1 |
| 10:45 | Fake2K · wall_segment Palisade Wall x5 |
| 11:09 | msntt951753 · wall_segment Palisade Wall x1 |
| 11:14 | msntt951753 · wall_segment Palisade Wall x1 |
| 11:16 | msntt951753 · wall_segment Palisade Wall x1 |
| 11:36 | Fake2K · wall_segment Palisade Wall x1 |
| 11:48 | msntt951753 · wall_segment Palisade Wall x1 |
| 11:49 | msntt951753 · wall_segment Palisade Wall x2 |
| 11:49 | msntt951753 · wall_segment Palisade Wall x1 |
| 11:49 | msntt951753 · wall_segment Palisade Wall x1 |
| 11:49 | msntt951753 · wall_segment Palisade Wall x1 |
| 11:50 | msntt951753 · wall_segment Palisade Wall x1 |
| 11:50 | msntt951753 · wall_segment Palisade Wall x1 |
| 11:51 | msntt951753 · wall_segment Palisade Wall x1 |
| 16:01 | msntt951753 · first_building Siege Workshop |
| 16:48 | msntt951753 · wall_segment Palisade Wall x1 |
| 17:12 | msntt951753 · wall_segment Palisade Wall x1 |
| 18:13 | msntt951753 · wall_segment Palisade Wall x1 |
| 18:15 | msntt951753 · wall_segment Palisade Wall x1 |
| 18:17 | msntt951753 · wall_segment Palisade Wall x1 |
| 18:19 | msntt951753 · wall_segment Palisade Wall x1 |
| 18:21 | msntt951753 · wall_segment Palisade Wall x1 |
| 19:07 | Fake2K · wall_segment Palisade Wall x1 |
| 19:08 | Fake2K · wall_segment Palisade Wall x1 |
| 19:09 | Fake2K · wall_segment Palisade Wall x1 |
| 19:09 | Fake2K · wall_segment Palisade Wall x1 |
| 20:17 | Fake2K · wall_segment Stone Wall x4 |
| 20:19 | Fake2K · wall_segment Stone Wall x8 |
| 20:29 | Fake2K · wall_segment Stone Wall x5 |
| 20:44 | Fake2K · first_building Stable |
| 21:19 | Fake2K · wall_segment Stone Wall x8 |
| 21:21 | Fake2K · wall_segment Stone Wall x5 |
| 21:34 | Fake2K · first_market_buy 100 food |
| 22:27 | Fake2K · wall_segment Stone Wall x1 |
| 22:33 | Fake2K · wall_segment Stone Wall x5 |
| 23:24 | msntt951753 · first_market_buy 100 stone |
| 25:09 | msntt951753 · first_building Barracks |
| 27:54 | msntt951753 · first_market_sell 100 stone |
| 30:42 | msntt951753 · age_up castle |
| 30:51 | msntt951753 · first_building Castle |
| 30:58 | Fake2K · age_up castle |
| 31:02 | Fake2K · first_building Castle |
| 32:32 | Fake2K · first_building Siege Workshop |
| 33:43 | Fake2K · first_market_sell 100 wood |
| 40:42 | msntt951753 · first_building Stable |
| 40:44 | msntt951753 · first_building Archery Range |
| 42:46 | msntt951753 · age_up imperial |
| 42:56 | Fake2K · resign |
[ AI ANALYSIS · 1 CREDIT ]
What really happened in this match?
Wolo.gg analyzes every decision: build order, eco, micro, common mistakes by bracket. Personalized analysis on WhatsApp or Discord in 30 seconds.
Civ guide
Mongols
Perfil
Jugador #25915901